[Event "Titled Tuesday Blitz March 22 Early 2022"]
[White "Sanchez Alvares, Kelvin Antonio"]
[Black "Devaev, Alexander"]
[WhiteFideId "3906680"]
[BlackFideId "4169395"]
[WhiteElo "2193"]
[BlackElo "2185"]
[Result "1/2-1/2"]
[Round "04"]
[TimeControl "180+1"]
[Date "2022.03.22"]
[WhiteClock "0:00:16"]
[BlackClock "0:00:14"]

1. e4 c6 2. d4 d5 3. e5 Bf5 4. Nc3 Qb6 5. Nf3 e6 6. Be2 a6 7. O-O Nd7 8. Na4 Qc7 9. b3 Be7 10. c4 b5 11. Nc3 Bg4 12. Be3 Bb4 13. Qd2 Qa5 14. Rfc1 Ne7 15. a4 bxc4 16. bxc4 dxc4 17. Bxc4 Bxf3 18. gxf3 Nd5 19. Bxd5 cxd5 20. Qd3 O-O 21. Ne2 Rfc8 22. f4 g6 23. f5 exf5 24. Nf4 Nf8 25. Nh3 Ne6 26. Kh1 Qd8 27. Rg1 a5 28. Qxf5 Rc4 29. Qg4 Rac8 30. Rad1 Qd7 31. Nf4 Nf8 32. Qg2 Rd8 33. Nh5 Qf5 34. Nf6+ Kg7 35. Nxd5 Ne6 36. Nb6 Rc2 37. Qg4 Qxg4 38. Rxg4 h5 39. Re4 Bc5 40. d5 Bxb6 41. Bxb6 Rd7 42. Ree1 Ng5 43. Be3 Nf3 44. Rf1 Nxe5 45. Bd4 f6 46. Bxe5 fxe5 47. Kg2 Kf6 48. Rfe1 Rc4 49. d6 Rxa4 50. Rd5 Rg4+ 51. Kf3 Rg5 52. h4 Rf5+ 53. Kg3 Ke6 54. Rxa5 Rxd6 55. Ra8 Kf6 56. f3 Re6 57. Re3 Rf4 58. Rf8+ Kg7 59. Rxf4 exf4+ 60. Kxf4 Rf6+ 61. Kg3 Ra6 62. Re7+ Kh6 63. Rb7 Ra4 64. Rb8 Ra6 65. Rb7 Ra5 66. Rb8 Ra1 67. Rh8+ Kg7 68. Rb8 Rg1+ 69. Kf4 Ra1 70. Kg5 Ra5+ 71. Kf4 Ra4+ 72. Kg3 Ra5 73. Rb7+ Kh6 74. Rb8 Ra4 75. Rh8+ Kg7 76. Rb8 Kh6 77. Rh8+ Kg7 78. Rb8 1/2-1/2


[Site "https://www.chess.com"]

[Event "Titled Tuesday Blitz March 22 Early 2022"]
[White "Sargsyan, Anna M."]
[Black "Indjic, Aleksandar"]
[WhiteFideId "13308130"]
[BlackFideId "911925"]
[WhiteElo "2271"]
[BlackElo "2616"]
[Result "1-0"]
[Round "04"]
[TimeControl "180+1"]
[Date "2022.03.22"]
[WhiteClock "0:00:54"]
[BlackClock "0:00:18"]

1. d4 Nf6 2. c4 c5 3. Nf3 cxd4 4. Nxd4 e6 5. g3 d5 6. Bg2 e5 7. Nc2 d4 8. O-O Nc6 9. f4 e4 10. a3 a5 11. Nd2 Bc5 12. Kh1 Bf5 13. Nb3 b6 14. h3 h5 15. Nxc5 bxc5 16. b4 axb4 17. axb4 Rxa1 18. Nxa1 Nxb4 19. Qa4+ Qd7 20. Qa8+ Qd8 21. Qa4+ Bd7 22. Qa7 Qc8 23. Nb3 Bxh3 24. Nxc5 Bxg2+ 25. Kxg2 O-O 26. Nb3 Nc6 27. Qc5 Rd8 28. Rd1 d3 29. exd3 exd3 30. Bb2 Qb7 31. Bxf6 Nd4+ 32. Kh3 Nxb3 33. Qg5 Qc8+ 34. Kh2 Qg4 35. Qxg4 hxg4 36. Bxd8 d2 37. Bb6 f6 38. Be3 1-0


[Site "https://www.chess.com"]

[Event "Titled Tuesday Blitz March 22 Early 2022"]
[White "Schrik, Rachid"]
[Black "Bethke, Richard"]
[WhiteFideId "1009818"]
[BlackFideId "12959243"]
[WhiteElo "2070"]
[BlackElo "2528"]
[Result "0-1"]
[Round "04"]
[TimeControl "180+1"]
[Date "2022.03.22"]
[WhiteClock "0:00:41"]
[BlackClock "0:01:02"]

1. d4 Nf6 2. c4 e6 3. Nc3 d5 4. cxd5 exd5 5. Bg5 Be7 6. Qc2 c6 7. e3 Nbd7 8. Bd3 h6 9. Bh4 Nh5 10. Bxe7 Qxe7 11. Nf3 Nf4 12. Bf1 Ne6 13. O-O-O Nb6 14. Kb1 Bd7 15. Ne5 O-O-O 16. Qb3 Kb8 17. a4 Rhe8 18. a5 Nc8 19. Ba6 b5 20. Rc1 f6 21. Nd3 Nd6 22. Nc5 Nxc5 23. dxc5 Ne4 24. Nxb5 Nd2+ 0-1


[Site "https://www.chess.com"]

[Event "Titled Tuesday Blitz March 22 Early 2022"]
[White "Selbes, Tarik"]
[Black "Daneshvar, Bardiya"]
[WhiteFideId "6302513"]
[BlackFideId "12576468"]
[WhiteElo "2290"]
[BlackElo "2295"]
[Result "0-1"]
[Round "04"]
[TimeControl "180+1"]
[Date "2022.03.22"]
[WhiteClock "0:02:10"]
[BlackClock "0:02:24"]

1. Nf3 g6 2. g3 Bg7 3. Bg2 e5 4. d3 d5 5. O-O Ne7 6. Nbd2 O-O 7. Qe1 Nbc6 8. e4 h6 9. c3 f5 10. Qe2 dxe4 11. dxe4 f4 12. gxf4 exf4 13. e5 g5 14. Qc4+ Kh8 15. Ne4 g4 16. Nh4 Nxe5 17. Qb3 f3 18. Bh1 N7c6 0-1


[Site "https://www.chess.com"]

[Event "Titled Tuesday Blitz March 22 Early 2022"]
[White "Shandrygin, Nikita"]
[Black "Vakhlamov, Igor L."]
[WhiteFideId "24198668"]
[BlackFideId "24126748"]
[WhiteElo "2324"]
[BlackElo "2401"]
[Result "1/2-1/2"]
[Round "04"]
[TimeControl "180+1"]
[Date "2022.03.22"]
[WhiteClock "0:00:15"]
[BlackClock "0:00:16"]

1. Nf3 Nf6 2. g3 g6 3. Bg2 Bg7 4. O-O O-O 5. d4 c5 6. b3 cxd4 7. Bb2 Nc6 8. Nxd4 Qa5 9. c4 Qh5 10. e3 Nxd4 11. Bxd4 d6 12. Qxh5 Nxh5 13. Bxg7 Kxg7 14. Nc3 Nf6 15. Rac1 Rb8 16. Nb5 a6 17. Nd4 Bd7 18. c5 d5 19. c6 Bxc6 20. Nxc6 bxc6 21. Rxc6 a5 22. Ra6 Ra8 23. Rxa8 Rxa8 24. Rc1 a4 25. b4 a3 26. Rc5 e6 27. Rb5 Ne8 28. e4 Nd6 29. Ra5 Rb8 30. exd5 Rxb4 31. dxe6 Rb1+ 32. Bf1 fxe6 33. Rxa3 Ra1 34. Kg2 Ne4 35. Re3 Nc5 36. Bc4 Kf6 37. Kf3 h6 38. h4 g5 39. hxg5+ hxg5 40. Ra3 Ke5 41. Be2 Kf6 42. Ra5 Nd7 43. a4 Ne5+ 44. Ke3 Ra3+ 45. Kd4 Ra2 46. Ke3 Ra3+ 47. Kd2 Ra2+ 48. Ke1 Ra1+ 49. Kd2 Ra2+ 50. Ke3 Ra3+ 1/2-1/2


[Site "https://www.chess.com"]

[Event "Titled Tuesday Blitz March 22 Early 2022"]
[White "Shtyka, Sergey"]
[Black "Garriga Cazorla, Pere"]
[WhiteFideId "4138465"]
[BlackFideId "32011601"]
[WhiteElo "2014"]
[BlackElo "2458"]
[Result "1-0"]
[Round "04"]
[TimeControl "180+1"]
[Date "2022.03.22"]
[WhiteClock "0:00:08"]
[BlackClock "0:00:20"]

1. e4 c5 2. Nf3 d6 3. d4 cxd4 4. Nxd4 Nf6 5. Nc3 a6 6. Bc4 e6 7. O-O b5 8. Bd3 Qc7 9. a3 Nbd7 10. Be3 Be7 11. f4 Bb7 12. Qf3 O-O 13. Rae1 Rfe8 14. Kh1 Bf8 15. Bf2 g6 16. Qh3 Bg7 17. f5 exf5 18. exf5 Nc5 19. fxg6 hxg6 20. Rxe8+ Rxe8 21. Bh4 Nd5 22. Nxd5 Bxd5 23. Bf6 Nxd3 24. Qxd3 Bc4 25. Qc3 Qc5 26. Rf4 Bd5 27. Qd2 Bxf6 28. Rxf6 Bb7 29. h3 Qh5 30. Kg1 Qe5 31. Qf2 Re7 32. Rf4 Kg7 33. c3 Be4 34. Rg4 a5 35. Rf4 d5 36. Rg4 b4 37. axb4 axb4 38. Rf4 bxc3 39. bxc3 Rc7 40. Qe3 Qd6 41. Rg4 Qb6 42. Nf5+ Bxf5 43. Qxb6 Re7 44. Rg3 Re1+ 45. Kh2 Re4 46. Qc5 Be6 47. Qd6 Kf6 48. Qd8+ Kg7 49. Qg5 Rc4 50. Qd2 Re4 51. Re3 Rc4 52. Rd3 Kf6 53. Rd4 Rc5 54. Qf4+ Ke7 55. Qe5 Kd7 56. Qf6 Kc6 57. Qe7 Rxc3 58. Qb4 Rc2 59. Rd2 Rc4 60. Qb2 Kd6 61. Rc2 Re4 62. Qb6+ Ke5 63. Qc7+ Kd4 64. Rd2+ Ke3 65. Qc3+ Kf4 66. Rf2+ Kg5 67. Qf6+ Kh6 68. Rf4 Rxf4 69. Qxf4+ Kg7 70. Qe5+ Kf8 71. Qd4 Ke7 72. g4 Kd6 73. g5 Bf5 74. h4 Ke6 75. Kg3 Be4 76. Kf4 Kd6 77. Qb6+ Kd7 78. Ke5 1-0


[Site "https://www.chess.com"]

[Event "Titled Tuesday Blitz March 22 Early 2022"]
[White "Shuvalov, Evgenij"]
[Black "volunteers1998"]
[WhiteFideId "4187237"]
[WhiteElo "2151"]
[BlackElo "2247"]
[Result "1-0"]
[Round "04"]
[TimeControl "180+1"]
[Date "2022.03.22"]
[WhiteClock "0:00:21"]
[BlackClock "0:00:07"]

1. Nf3 f5 2. e4 fxe4 3. Ng5 Nf6 4. d3 Nc6 5. Nc3 e6 6. dxe4 Be7 7. Bd3 h6 8. Nf3 O-O 9. e5 Nd5 10. Qe2 Nxc3 11. bxc3 d5 12. exd6 cxd6 13. Qe4 Rf5 14. Qg4 Rf6 15. O-O e5 16. Qe4 Bf5 17. Qd5+ Kh8 18. Bxf5 Rxf5 19. Be3 Rc8 20. Nd2 Qd7 21. Ne4 Rcf8 22. Rad1 b6 23. Nxd6 Bxd6 24. Qxd6 Qxd6 25. Rxd6 Na5 26. Rd7 R5f7 27. Rfd1 Nc4 28. Rxf7 Rxf7 29. Rd8+ Kh7 30. Rc8 Nxe3 31. fxe3 Rd7 32. a4 Rd2 33. Rc7 Rxc2 34. Kf1 a5 35. Rc6 Ra2 36. Rc4 Kg8 37. h4 Kf7 38. h5 Ke6 39. Rg4 Kf7 40. Kg1 Re2 41. Re4 Ke6 42. Rg4 Kf7 43. Rc4 Rxe3 44. Kf2 Rd3 45. Ke2 Rg3 46. Kf2 Rd3 47. Ke2 Re3+ 48. Kxe3 1-0


[Site "https://www.chess.com"]

[Event "Titled Tuesday Blitz March 22 Early 2022"]
[White "Shuvalova, Polina"]
[Black "Tomb, Maroun"]
[WhiteFideId "24171760"]
[BlackFideId "5300398"]
[WhiteElo "2355"]
[BlackElo "2494"]
[Result "1-0"]
[Round "04"]
[TimeControl "180+1"]
[Date "2022.03.22"]
[WhiteClock "0:00:08"]
[BlackClock "0:00:11"]

1. d4 d6 2. e4 Nf6 3. Nc3 e5 4. Nf3 Nbd7 5. h3 Be7 6. g4 c6 7. Rg1 g6 8. Be3 b5 9. a3 Bb7 10. Qd2 a5 11. g5 b4 12. gxf6 bxc3 13. Qxc3 Bxf6 14. O-O-O Qe7 15. dxe5 Nxe5 16. Bd4 O-O 17. Nxe5 Bxe5 18. Bxe5 dxe5 19. Bc4 a4 20. Rg3 Rad8 21. Rgd3 Rxd3 22. Qxd3 Bc8 23. Kb1 Be6 24. Bxe6 Qxe6 25. h4 h5 26. f3 Kg7 27. Qc3 Rb8 28. Qa5 Rb5 29. Qxa4 Qh3 30. Rd3 Qxh4 31. Qc4 Qe1+ 32. Ka2 h4 33. Qxc6 Ra5 34. Rd7 Qe2 35. Qc7 Ra6 36. Rxf7+ Kh6 37. Rh7+ Kg5 38. Qe7+ Kf4 39. Qxh4+ Ke3 40. Qg5+ Kd4 41. Rd7+ Kc4 42. Rc7+ Kd4 43. Qd8+ Ke3 44. Rc3+ Kf2 45. Qh4+ Kf1 46. Qh1+ Kf2 47. Qh2+ Ke1 48. Qg1+ Qf1 49. Re3+ 1-0


[Site "https://www.chess.com"]

[Event "Titled Tuesday Blitz March 22 Early 2022"]
[White "Siva Mahadevan"]
[Black "Svane, Rasmus"]
[WhiteFideId "25043153"]
[BlackFideId "4657101"]
[WhiteElo "2203"]
[BlackElo "2645"]
[Result "0-1"]
[Round "04"]
[TimeControl "180+1"]
[Date "2022.03.22"]
[WhiteClock "0:01:48"]
[BlackClock "0:01:43"]

1. e4 c6 2. d4 d5 3. exd5 cxd5 4. c4 Nf6 5. Nc3 Nc6 6. Nf3 a6 7. Bg5 Be6 8. Qa4 Qd7 9. Bxf6 exf6 10. cxd5 Bxd5 11. Nxd5 Qxd5 12. Bc4 Bb4+ 13. Qxb4 Qe4+ 14. Kd2 Qf4+ 0-1


[Site "https://www.chess.com"]

[Event "Titled Tuesday Blitz March 22 Early 2022"]
[White "Stanisz, Patryk"]
[Black "Horcajuelo Rocamora, Martin"]
[WhiteFideId "1123106"]
[BlackFideId "24573027"]
[WhiteElo "1876"]
[BlackElo "1706"]
[Result "0-1"]
[Round "04"]
[TimeControl "180+1"]
[Date "2022.03.22"]
[WhiteClock "0:00:05"]
[BlackClock "0:00:17"]

1. Nf3 Nf6 2. c4 e6 3. Nc3 d5 4. g3 Bd6 5. Bg2 O-O 6. O-O c6 7. d4 dxc4 8. a4 Nbd7 9. Nd2 Nb6 10. a5 Nbd5 11. Nxc4 Bc7 12. e4 Nb4 13. Bg5 h6 14. Be3 Qe7 15. Ne5 Bxe5 16. dxe5 Nd7 17. f4 Rb8 18. Bxa7 Ra8 19. Be3 Nc5 20. Qd6 Qxd6 21. exd6 Ncd3 22. Bb6 e5 23. fxe5 Nxe5 24. Na4 Bg4 25. Nc5 Nc4 26. Bc7 Na6 27. Nxa6 bxa6 28. Rab1 Nd2 29. Rfe1 Nxb1 30. Rxb1 Rac8 31. h3 Bd7 32. Bf1 Rxc7 33. dxc7 Rc8 34. Bxa6 Rxc7 35. Bc4 Bxh3 36. a6 Bg4 37. b4 Kf8 38. Ra1 Ra7 39. Bd3 Ke7 40. Kf2 f6 41. Ke3 Kd6 42. Kd4 h5 43. Bc4 Bd7 44. Rd1 Bg4 45. Rd2 Re7 46. Ke3+ Kc7 47. a7 Kb7 48. Ra2 Re8 49. Ba6+ Kxa7 50. Bc8+ Kb6 51. Bxg4 hxg4 52. Kf4 g5+ 53. Kxg4 Rxe4+ 54. Kf5 Rxb4 55. Kxf6 g4 56. Kf5 c5 57. Ra8 Rd4 58. Rg8 c4 59. Rb8+ Ka5 60. Rb1 c3 61. Ke5 Rc4 62. Kd5 c2 63. Ra1+ Kb4 64. Rc1 Rc3 65. Kd4 Kb3 66. Ke4 Rxg3 67. Kf4 Rg2 68. Ra1 Kb2 69. Ra8 Kb1 70. Rc8 c1=Q+ 71. Rxc1+ Kxc1 72. Kg5 g3 73. Kh4 Rg1 74. Kh3 Kd1 75. Kg4 Ke1 76. Kh3 Kf2 77. Kg4 g2 0-1


[Site "https://www.chess.com"]

[Event "Titled Tuesday Blitz March 22 Early 2022"]
[White "Starozhilov, Leonid"]
[Black "Gatterer, Florian"]
[WhiteFideId "14106752"]
[BlackFideId "811688"]
[WhiteElo "2414"]
[BlackElo "2218"]
[Result "1-0"]
[Round "04"]
[TimeControl "180+1"]
[Date "2022.03.22"]
[WhiteClock "0:00:21"]
[BlackClock "0:00:16"]

1. e4 e5 2. Nf3 Nc6 3. Bc4 Bc5 4. d3 Nf6 5. Nc3 h6 6. a3 a5 7. Be3 Bxe3 8. fxe3 d6 9. O-O O-O 10. Nh4 Ng4 11. Qe1 Qg5 12. Nd5 Be6 13. Nf3 Qd8 14. h3 Nf6 15. Nxf6+ Qxf6 16. Nd4 Qe7 17. Nf5 Bxf5 18. Rxf5 g6 19. Qg3 Kh7 20. Rf3 Rae8 21. Raf1 Nd8 22. Rf6 Rg8 23. Rxf7+ Nxf7 24. Rxf7+ Rg7 25. Rxe7 Rgxe7 26. Qh4 Kg7 27. Bd5 c6 28. Bc4 b5 29. Ba2 g5 30. Qe1 Ra7 31. Qc3 c5 32. Qb3 b4 33. Qd5 Rd7 34. Bc4 Rf8 35. Qc6 Rdd8 36. Qc7+ Kg6 37. Qxa5 bxa3 38. bxa3 Rb8 39. Qc7 Rbd8 40. Bd5 h5 41. a4 h4 42. Kh2 Kh5 43. Qh7# 1-0


[Site "https://www.chess.com"]

[Event "Titled Tuesday Blitz March 22 Early 2022"]
[White "Suarez Uriel, Adrian"]
[Black "Heinemann, Josefine"]
[WhiteFideId "22230874"]
[BlackFideId "12900460"]
[WhiteElo "2316"]
[BlackElo "2300"]
[Result "1-0"]
[Round "04"]
[TimeControl "180+1"]
[Date "2022.03.22"]
[WhiteClock "0:00:50"]
[BlackClock "0:00:11"]

1. d4 Nf6 2. c4 g6 3. Nc3 d5 4. cxd5 Nxd5 5. Bd2 Nb6 6. e3 Bg7 7. f4 O-O 8. Nf3 c5 9. dxc5 N6d7 10. Ne4 Na6 11. b4 Bxa1 12. Qxa1 Nf6 13. Neg5 b6 14. c6 Qd6 15. b5 Nc5 16. Bc4 Nd3+ 17. Ke2 Nc5 18. Rd1 Bf5 19. Bc3 Qc7 20. Ne5 Rad8 21. Rxd8 Qxd8 22. Ngxf7 Rxf7 23. Bxf7+ Kg7 24. Bc4 Nce4 25. Bd4 Qd6 26. Qb2 h5 27. h3 h4 28. Nf3 Be6 29. Bxe6 Qxe6 30. Qb3 Qd6 31. Ng5 e6 32. Nxe4 1-0


[Site "https://www.chess.com"]

[Event "Titled Tuesday Blitz March 22 Early 2022"]
[White "Svidler, Peter"]
[Black "Kozak, Antoni"]
[WhiteFideId "4102142"]
[BlackFideId "21832030"]
[WhiteElo "2725"]
[BlackElo "2236"]
[Result "1-0"]
[Round "04"]
[TimeControl "180+1"]
[Date "2022.03.22"]
[WhiteClock "0:00:38"]
[BlackClock "0:00:07"]

1. e4 c6 2. d4 d5 3. f3 Qb6 4. a4 a5 5. Nc3 dxe4 6. fxe4 e5 7. dxe5 Bc5 8. Qf3 Bxg1 9. Bc4 Be6 10. Bxe6 fxe6 11. Bg5 Bc5 12. O-O-O Nd7 13. Qh5+ g6 14. Qh3 Ne7 15. Qxe6 Be3+ 16. Kb1 Bxg5 17. Rxd7 Rd8 18. Nd5 Qc5 19. Nc7+ Kf8 20. Rxd8+ Kg7 21. Rxh8 Kxh8 22. Qd6 Qf2 23. Ne6 Qxg2 24. Rd1 Bh4 25. Qd8+ Ng8 26. Qxh4 1-0


[Site "https://www.chess.com"]

[Event "Titled Tuesday Blitz March 22 Early 2022"]
[White "Sztokbant, Bernardo Vainzoff"]
[Black "Jary, Sergey"]
[WhiteFideId "2115956"]
[BlackFideId "14110350"]
[WhiteElo "2237"]
[BlackElo "2260"]
[Result "1-0"]
[Round "04"]
[TimeControl "180+1"]
[Date "2022.03.22"]
[WhiteClock "0:00:04"]
[BlackClock "0:00:02"]

1. c4 g6 2. Nf3 Bg7 3. g3 d6 4. Bg2 Nf6 5. O-O O-O 6. b3 Ne4 7. d4 c5 8. Bb2 Nc6 9. Nbd2 Nxd2 10. Qxd2 e5 11. e3 e4 12. Ne1 Re8 13. Rd1 a6 14. dxc5 dxc5 15. Qxd8 Nxd8 16. Bxg7 Kxg7 17. Bxe4 a5 18. a4 Ra6 19. Bg2 Rb6 20. Rd3 Bg4 21. Nf3 Nc6 22. Rd5 Rxb3 23. Rxc5 Rb4 24. Rb5 Rxa4 25. Rxb7 Rxc4 26. Ng5 Nd8 27. Ra7 Re5 28. h4 h6 29. Nf3 Bxf3 30. Bxf3 Nc6 31. Ra6 Rec5 32. Ra1 Ne5 33. Bg2 Rc1+ 34. Rxc1 Rxc1+ 35. Bf1 Ra1 36. Kg2 Ra2 37. Bb5 h5 38. Ra7 Kf6 39. Be8 Nd3 40. Rxf7+ Ke6 41. Rf8 Ke7 42. Rg8 a4 43. Bxg6 Nxf2 44. Kf3 Nh1 45. Bxh5 Rf2+ 46. Ke4 Nxg3+ 47. Rxg3 Ra2 48. Rg7+ Kf6 49. Ra7 a3 50. Bf7 Ra1 51. Bd5 1-0


[Site "https://www.chess.com"]

[Event "Titled Tuesday Blitz March 22 Early 2022"]
[White "Tari, Aryan"]
[Black "Lewtak, Damian"]
[WhiteFideId "1510045"]
[BlackFideId "1141724"]
[WhiteElo "2567"]
[BlackElo "2362"]
[Result "1-0"]
[Round "04"]
[TimeControl "180+1"]
[Date "2022.03.22"]
[WhiteClock "0:00:31"]
[BlackClock "0:00:58"]

1. e4 a6 2. d4 g6 3. h4 h5 4. Bg5 c5 5. dxc5 Qa5+ 6. Nc3 Bg7 7. Qd2 Nf6 8. O-O-O Qxc5 9. Nf3 d6 10. e5 Ng4 11. exd6 Qxd6 12. Qxd6 exd6 13. Re1+ Be6 14. Nd5 Ra7 15. Bc4 b5 16. Bb3 Kd7 17. Nf4 Ne5 18. Bxe6+ fxe6 19. Nxe5+ Bxe5 20. Nxg6 Rg8 21. Nxe5+ dxe5 22. Rxe5 Nc6 23. Rd1+ 1-0


[Site "https://www.chess.com"]

[Event "Titled Tuesday Blitz March 22 Early 2022"]
[White "Tay, Junior"]
[Black "Kanyamarala, Tarun"]
[WhiteFideId "5800439"]
[BlackFideId "45004714"]
[WhiteElo "2216"]
[BlackElo "2075"]
[Result "1-0"]
[Round "04"]
[TimeControl "180+1"]
[Date "2022.03.22"]
[WhiteClock "0:01:37"]
[BlackClock "0:00:06"]

1. e4 e6 2. Nc3 c5 3. Nf3 Nc6 4. g3 d5 5. exd5 exd5 6. d4 Nf6 7. Bg2 cxd4 8. Nxd4 Bc5 9. Nxc6 bxc6 10. O-O O-O 11. Na4 Bd6 12. c4 Bf5 13. Be3 h6 14. Rc1 Re8 15. Bc5 Ne4 16. cxd5 Bxc5 17. Nxc5 cxd5 18. b4 a5 19. b5 Nxc5 20. Rxc5 Be4 21. Qd4 Bxg2 22. Kxg2 Re4 23. Qxd5 Qxd5 24. Rxd5 Ra4 25. Rb1 Rxa2 26. b6 Rc2 27. b7 Rb8 28. Rxa5 Rd2 29. Ra8 Rdd8 30. Rba1 Kh7 31. Rxb8 Rxb8 32. Rb1 Kg6 33. Kf3 Kf5 34. g4+ Ke5 35. Ke3 Kd5 36. Kf4 Ke6 37. Ke4 Kd6 38. f4 Kc6 39. Ke5 Rxb7 40. Rxb7 Kxb7 41. Kd6 Kb6 42. Ke7 f5 43. gxf5 Kc5 44. Kf7 Kd5 45. Kxg7 Ke4 46. f6 Kxf4 47. f7 1-0


[Site "https://www.chess.com"]

[Event "Titled Tuesday Blitz March 22 Early 2022"]
[White "Thomas, Anysia"]
[Black "Vovk, Orest"]
[WhiteFideId "670472"]
[BlackFideId "14113490"]
[WhiteElo "2002"]
[BlackElo "2203"]
[Result "0-1"]
[Round "04"]
[TimeControl "180+1"]
[Date "2022.03.22"]
[WhiteClock "0:00:14"]
[BlackClock "0:01:15"]

1. d4 e5 2. dxe5 Nc6 3. Nf3 Qe7 4. Qd5 h6 5. e4 g5 6. h3 Bg7 7. Bc4 Nxe5 8. Nxe5 Bxe5 9. O-O d6 10. f4 gxf4 11. Bxf4 Nf6 12. Qd3 Rg8 13. Nc3 Be6 14. Nd5 Bxd5 15. Bxd5 Nxd5 16. Qxd5 O-O-O 17. Bxe5 dxe5 18. Qxf7 Qc5+ 19. Qf2 Qc6 20. Qf5+ Kb8 21. Rf2 Qd6 22. Raf1 a6 23. Qf6 Qd4 24. Kh1 Qxe4 25. Qxh6 Rh8 26. Rf8 Rxh6 0-1


[Site "https://www.chess.com"]

[Event "Titled Tuesday Blitz March 22 Early 2022"]
[White "Timofeev, Artyom"]
[Black "Sarana, Alexey"]
[WhiteFideId "4140419"]
[BlackFideId "24133795"]
[WhiteElo "2594"]
[BlackElo "2666"]
[Result "1/2-1/2"]
[Round "04"]
[TimeControl "180+1"]
[Date "2022.03.22"]
[WhiteClock "0:00:22"]
[BlackClock "0:00:14"]

1. e4 c5 2. Nc3 d6 3. g3 Nc6 4. Bg2 g6 5. d3 Bg7 6. Be3 e6 7. Qd2 Rb8 8. Nge2 Nd4 9. O-O Ne7 10. Nc1 O-O 11. Nd1 b5 12. c3 Ndc6 13. Bh6 b4 14. Bxg7 Kxg7 15. Ne3 bxc3 16. bxc3 e5 17. Nb3 f6 18. Qc2 Be6 19. Nd2 Qd7 20. Ndc4 Rb7 21. Rab1 Rfb8 22. Rxb7 Rxb7 23. Rb1 Nc8 24. h4 h5 25. Rxb7 Qxb7 26. f4 N6e7 27. f5 Bf7 28. fxg6 Bxg6 29. Bh3 d5 30. Bxc8 Qxc8 31. exd5 Qd7 32. d6 Nc8 33. Qg2 Bf7 34. Qf3 Be6 35. Qxh5 Nxd6 36. Nxd6 Qxd6 37. Nf5+ Bxf5 38. Qxf5 Qb6 39. Qd7+ Kf8 40. Kg2 Qb2+ 41. Kh3 Qxa2 42. Qd6+ Kg7 43. Qxc5 Qe2 44. Qe7+ Kg6 45. Qe8+ Kg7 46. Qd7+ Kf8 47. Qf5 Ke7 48. Qh7+ Ke6 49. Qg8+ Ke7 50. Qh7+ Kf8 51. Qh8+ Kf7 52. Qh7+ Kf8 53. Qh8+ Kf7 54. Qh7+ Kf8 1/2-1/2


[Site "https://www.chess.com"]

[Event "Titled Tuesday Blitz March 22 Early 2022"]
[White "Topalov, Aleksandar"]
[Black "Maly, Alexey"]
[WhiteFideId "925659"]
[BlackFideId "14103184"]
[WhiteElo "2158"]
[BlackElo "2304"]
[Result "1/2-1/2"]
[Round "04"]
[TimeControl "180+1"]
[Date "2022.03.22"]
[WhiteClock "0:01:31"]
[BlackClock "0:02:22"]

1. b3 b6 2. Bb2 Bb7 3. Nf3 Nf6 4. g3 g6 5. Bg2 Bg7 6. O-O O-O 7. c4 c5 8. d4 cxd4 9. Nxd4 Bxg2 10. Kxg2 Nc6 11. Nxc6 dxc6 12. Qc2 Qc7 13. Nc3 Rad8 14. Rad1 Rxd1 15. Rxd1 Rd8 16. Rd3 Rxd3 17. Qxd3 Qd7 18. Qxd7 Nxd7 19. Na4 Bxb2 20. Nxb2 Kg7 21. Kf3 Kf6 22. Ke3 e5 23. Nd3 Ke6 24. b4 f5 25. h3 e4 26. Nf4+ Ke5 27. f3 g5 28. Nh5 exf3 29. exf3 Nf6 30. f4+ gxf4+ 31. gxf4+ Ke6 32. Nxf6 Kxf6 33. Kf3 Ke6 34. Ke3 c5 35. b5 Kf6 36. Kf3 Kg6 37. Kg3 Kh5 1/2-1/2


[Site "https://www.chess.com"]

[Event "Titled Tuesday Blitz March 22 Early 2022"]
[White "Tristan, Leonardo"]
[Black "Stepanencu, Nicodim-Cosmin"]
[WhiteFideId "113816"]
[BlackFideId "1256220"]
[WhiteElo "2404"]
[BlackElo "1913"]
[Result "1-0"]
[Round "04"]
[TimeControl "180+1"]
[Date "2022.03.22"]
[WhiteClock "0:00:02"]
[BlackClock "0:00:02"]

1. d4 Nf6 2. Nf3 g6 3. Bf4 Bg7 4. e3 O-O 5. Be2 d6 6. O-O Nbd7 7. h3 b6 8. Bh2 Bb7 9. a4 c5 10. c3 Qc7 11. Nbd2 Rac8 12. a5 Ne4 13. Nxe4 Bxe4 14. Qb3 Nf6 15. Rfd1 Rb8 16. axb6 Rxb6 17. Qa3 cxd4 18. exd4 Rfb8 19. Rd2 Bh6 20. b4 Bxf3 21. Bxf3 Bxd2 22. Qxa7 Qxa7 23. Rxa7 Bxc3 24. Rxe7 Bxd4 25. b5 Rxb5 26. Bxd6 Re8 27. Rc7 Be5 28. Bxe5 Rexe5 29. g4 h6 30. Kg2 Kg7 31. Kg3 Rb3 32. Kg2 Ne4 33. Rc2 Ng5 34. Bd1 Nxh3 35. Rc4 Ra3 36. f3 Ng5 37. f4 Re1 38. Bc2 Re2+ 39. Kf1 Rh2 40. Bd1 Nh3 41. Rc2 Rg3 42. Rxh2 Rg1+ 43. Ke2 Nxf4+ 44. Kd2 g5 45. Bf3 Rg3 46. Rf2 Ng6 47. Be2 Nh4 48. Rf1 f6 49. Ra1 Ng6 50. Ra7+ Kf8 51. Bd3 Ne5 52. Bf5 Rg1 53. Ra6 Rf1 54. Rxf6+ Kg7 55. Re6 Nf3+ 56. Kc3 Nh4 57. Bd3 Rf4 58. Re7+ 1-0


[Site "https://www.chess.com"]

[Event "Titled Tuesday Blitz March 22 Early 2022"]
[White "Tsyhanchuk, Stanislav"]
[Black "Pires, Marcos Vinicius Torsani"]
[WhiteFideId "13505130"]
[BlackFideId "2118939"]
[WhiteElo "2078"]
[BlackElo "2273"]
[Result "0-1"]
[Round "04"]
[TimeControl "180+1"]
[Date "2022.03.22"]
[WhiteClock "0:00:15"]
[BlackClock "0:01:22"]

1. e4 c5 2. Nf3 g6 3. d4 cxd4 4. Nxd4 Nc6 5. Nc3 Bg7 6. Be3 Nf6 7. f3 O-O 8. Qd2 d5 9. Nxc6 bxc6 10. exd5 Nxd5 11. Bd4 Bxd4 12. Qxd4 e5 13. Qc4 Ne3 14. Qe2 Qd4 15. Qd2 Bf5 16. Rc1 Rad8 17. Qxd4 exd4 18. Ne4 Bxe4 19. fxe4 Rfe8 20. Bd3 Nxg2+ 21. Kf2 Nf4 22. b3 c5 23. Rcf1 a5 24. Kg3 Ne6 25. Bc4 Ng5 26. Kg4 h6 27. Rf4 Re5 28. h4 h5+ 29. Kg3 Nxe4+ 30. Kf3 Nd2+ 31. Kg3 Nxc4 32. bxc4 Re3+ 33. Rf3 Rde8 34. Rf1 Kg7 35. Kg2 Rxf3 36. Rxf3 Re2+ 37. Rf2 Rxf2+ 38. Kxf2 Kf6 39. Kf3 Kf5 40. Kg3 f6 41. Kf3 g5 42. hxg5 fxg5 43. Kg3 Ke4 44. Kh3 d3 45. c3 d2 46. Kg3 d1=Q 47. a4 Qf3+ 48. Kh2 Qg4 49. Kh1 Kf3 50. Kh2 Qg2# 0-1


[Site "https://www.chess.com"]

[Event "Titled Tuesday Blitz March 22 Early 2022"]
[White "Van den Dikkenberg, Erik"]
[Black "Hirneise, Jens"]
[WhiteFideId "1005880"]
[BlackFideId "24614734"]
[WhiteElo "2118"]
[BlackElo "2359"]
[Result "0-1"]
[Round "04"]
[TimeControl "180+1"]
[Date "2022.03.22"]
[WhiteClock "0:00:27"]
[BlackClock "0:01:03"]

1. e4 e5 2. Nf3 Nf6 3. d4 Nxe4 4. Bd3 d5 5. Nxe5 Nd7 6. O-O Nxe5 7. dxe5 Nc5 8. Be2 Be7 9. f4 Bf5 10. c3 c6 11. Nd2 Ne4 12. Nxe4 Bxe4 13. Bf3 Qb6+ 14. Kh1 Bxf3 15. Qxf3 O-O 16. Qg3 f5 17. b4 a5 18. Be3 Qb5 19. bxa5 Qxa5 20. e6 Qxc3 21. Rfc1 Qa3 22. Qf2 Rf6 23. Bd4 Rxe6 24. Rab1 b5 25. Rc2 Qd3 26. h3 Rxa2 27. Rbb2 Ra1+ 28. Kh2 Qd1 29. Ra2 Qh1+ 30. Kg3 Rg6+ 31. Kf3 Rf1 0-1


[Site "https://www.chess.com"]

[Event "Titled Tuesday Blitz March 22 Early 2022"]
[White "Vine, Elzbieta"]
[Black "Rostovtsev, Dmitry"]
[WhiteFideId "1119320"]
[BlackFideId "34278320"]
[WhiteElo "1828"]
[BlackElo "2359"]
[Result "0-1"]
[Round "04"]
[TimeControl "180+1"]
[Date "2022.03.22"]
[WhiteClock "0:00:01"]
[BlackClock "0:01:19"]

1. e4 c5 2. Nf3 Nc6 3. d4 cxd4 4. Nxd4 Nf6 5. Nc3 e5 6. Ndb5 d6 7. Bg5 a6 8. Na3 b5 9. Nd5 Be7 10. Nxe7 Nxe7 11. c4 Nxe4 12. Bxe7 Qa5+ 13. Ke2 Kxe7 14. Qd3 Nc5 15. Qg3 bxc4 16. Nxc4 Qb5 17. Ke1 Qb4+ 18. Qc3 Qxc3+ 19. bxc3 Be6 20. f3 Bxc4 21. Bxc4 Rab8 22. Bb3 Nxb3 23. axb3 Rxb3 24. Kf2 Rb2+ 25. Kg3 Ra8 26. Rhd1 a5 27. Ra4 Rb5 28. c4 Rc5 29. Rb1 Rac8 30. Rb7+ R8c7 31. Rxc7+ Rxc7 32. Kf2 Rc5 33. Ke3 Ke6 34. Kd3 d5 35. cxd5+ Kxd5 36. g3 Rb5 37. Ra2 Rb3+ 38. Ke2 Rb5 0-1


[Site "https://www.chess.com"]